 Dungeon Crawl Stone Soup version 0.25.0-46-gbd7b0854d2 (webtiles) character file.

Game seed: 12159136479130721831

45 Delamore the Chopper (level 3, 0/29 HPs)
             Began as a Formicid Fighter on July 14, 2020.
             Slain by a shadow imp (3 damage)
             ... on level 4 of the Dungeon.
             The game lasted 00:00:51 (1183 turns).

Delamore the Chopper (Formicid Fighter)             Turns: 1183, Time: 00:00:51

Health: 0/29       AC:  6    Str: 21    XL:     3   Next: 90%
Magic:  3/3        EV:  7    Int:  7    God:
Gold:   96         SH:  9    Dex: 10    Spells: 2/2 levels left

rFire    . . .     SeeInvis +   a - +0 war axe
rCold    . . .     Gourm    .   c - +0 kite shield
rNeg     . . .     Faith    .   b - +0 scale mail
rPois    .         Spirit   .   (helmet unavailable)
rElec    .         Reflect  .   (no cloak)
rCorr    .         Harm     .   (no gloves)
MR       .....                  (no boots)
Stlth    ..........             (no amulet)
HPRegen  0.09/turn              (no ring)
MPRegen  0.08/turn              (no ring)

@: no status effects
A: permanent stasis, dig shafts and tunnels, four strong arms, antennae 3
a: Dig, Shaft Self


You were on level 4 of the Dungeon.
You were not hungry.

You visited 1 branch of the dungeon, and saw 3 of its levels.

You collected 96 gold pieces.

Inventory:

Hand Weapons
 a - a +0 war axe (weapon)
Armour
 b - a +0 scale mail (worn)
 c - a +0 kite shield (worn)
Scrolls
 e - 3 scrolls of magic mapping
 h - 2 scrolls of remove curse
 i - 2 scrolls of identify {unknown}
 j - a scroll of blinking {unknown}
Potions
 d - a potion of might
Comestibles
 f - a ration


   Skills:
 - Level 3.2 Fighting
 + Level 3.9 Axes
 - Level 3.2 Armour
 - Level 3.6 Shields


You had 2 spell levels left.
You didn't know any spells.
Your spell library was empty.

Dungeon Overview and Level Annotations

Branches:
Dungeon (4/15)             Temple (0/1) D:4

Altars:


Innate Abilities, Weirdness & Mutations

You cannot be hasted, slowed, berserked, paralysed or teleported.
You can dig through walls and to a lower floor.
Your four strong arms can wield two-handed weapons with a shield.
You have a pair of large antennae on your head. (SInv)


Message History

You are too injured to fight recklessly!
You are too injured to fight recklessly!
You are too injured to fight recklessly!
You are too injured to fight recklessly!
You are too injured to fight recklessly!
You are too injured to fight recklessly!
You hit the shadow imp.
The shadow imp is heavily wounded.
You block the shadow imp's attack.
You hit the shadow imp.
The shadow imp is severely wounded.
The shadow imp gestures at you.
You barely resist. The shadow imp gestures at you.
Pain shoots through your body!
* * * LOW HITPOINT WARNING * * *
You hit the shadow imp but do no damage.
The shadow imp is severely wounded.
The shadow imp hits you.
You die...

*,,,,,,,,,,,* #.........,,,,,,
*,,,,,,,...,* #........,,,,,,,
**,,,,,,,...,** #.......#,**,*,*
*,,,,,,,,....,*###.......#,**,*,*
*,,,,*,,,.....+..........#,,,,*,*
*,,,,*,,,,....####......(#***,,,,
**,,,*,,,,**#......<.....#*****,*
*****,,,,* #..5...#...#,,,,,,,,,
*****,,,,* #...@....#.#*,*******
*,,,,,,,,* #......###.##.##,,,,,
*,,,,,,,,**#...>..........#,,**,
*,,,,***,,*#.........#....#,***,
*,,,,* **,*#######...####.#,***,
*,,,,* **≈******≈##..# *,#,,,,,
*,,,,***≈≈≈*≈≈≈≈{≈#..# *,*,,,,,
**,,,,,*≈≈≈*≈≈*≈≈≈#..# *,*,,,**
*,,,,,**≈**≈≈**≈*#..# *,*,****


You could see a shadow imp.

Vanquished Creatures
  An adder (D:2)
  An ooze (D:1)
  A worm (D:2)
  A dart slug (D:1)
  A giant cockroach (D:2)
  A goblin (D:1)
  4 hobgoblins
  4 jackals (D:1)
  A kobold (D:1)
  6 bats
  2 frilled lizards (D:2)
  4 rats
27 creatures vanquished.

Notes
Turn   | Place    | Note
-------+----------+-------------------------------------------
     0 | D:1      | Delamore the Formicid Fighter began the quest for the Orb.
     0 | D:1      | Reached XP level 1. HP: 18/18 MP: 1/1
   202 | D:1      | Reached XP level 2. HP: 24/24 MP: 2/2
   361 | D:1      | Reached XP level 3. HP: 22/29 MP: 3/3
  1167 | D:2      | You fall into a shaft and drop 2 floors!
  1183 | D:4      | Slain by a shadow imp

Illustrated notes

Levels and vault maps discovered:
D:1:      elethiomel_arrival_maze, layout_basic, serial_forest,
          infiniplex_forest_corner_1, infiniplex_forest_clump_large,
          infiniplex_forest_fountain, infiniplex_forest_clump_medium,
          infiniplex_forest_straight_5, infiniplex_forest_straight_3,
          infiniplex_forest_straight_5, infiniplex_forest_zigzag_1
D:2:      layout_loops_cross, nicolae_overflow_crystal_walls,
          chequers_serial_rivers_micro_b, kennysheep_generic_room_5
D:4:      minmay_recursive_quarters, layout_basic, temple_fountains,
          ebering_ghost_sewer_d, gup_sewer_entry_bubbles, serial_shops, shop

Skill      XL: |  1  2 |
---------------+-------+-----
Axes           | 3 |  3.9
Fighting       | |  3.2
Armour         | |  3.2
Shields        | |  3.6

Action                   || total
-------------------------++-------
Melee: War axe           ||    92
  Use: Scroll            ||     2
  Eat: Chunk             ||     1
Armor: Scale mail        ||    43
Dodge: Dodged            ||    25
Block: Kite shield       ||    54
